 Dungeon Crawl Stone Soup version 0.17.1-3-g152610e (webtiles) character file.

1159 Jerry the Ducker (level 8, -6/70 HPs)
             Began as a Naga Earth Elementalist on Mar 3, 2016.
             Mangled by an orc warrior
             ... wielding a +0 halberd
              (19 damage)
             ... on level 6 of the Dungeon.
             The game lasted 00:40:15 (7043 turns).

Jerry the Ducker (Naga Earth Elementalist)          Turns: 7043, Time: 00:40:15

Health: -6/70      AC: 11    Str: 12    XL:     8   Next: 39%
Magic:  11/11      EV: 11    Int: 15    God:
Gold:   188        SH:  0    Dex: 13    Spells: 2 memorised, 8 levels left

rFire  . . .     SeeInvis +     g - +0 hunting sling
rCold  . . .     Clarity  .     F - +3 leather armour
rNeg   + + .     SustAt   .     (no shield)
rPois  +         Gourm    .     w - +1 helmet
rElec  .         Spirit   .     (no cloak)
rCorr  .         Warding  +     H - +0 pair of gloves
rMut   .         Stasis   .     (no barding)
MR     +....                    r - amulet of warding
Stlth  ++........               (no ring)
                                y - ring of positive energy

@: very slow, somewhat resistant to hostile enchantments, unstealthy
A: see invisible, deformed body, poison resistance, slowness 2, slow metabolism
1, spit poison 2, AC +2
a: Spit Poison


You were on level 6 of the Dungeon.
You were very hungry.

You visited 1 branch of the dungeon, and saw 6 of its levels.

You collected 188 gold pieces.

Inventory:

Hand Weapons
 g - a +0 hunting sling (weapon)
 o - a +1 short sword of electrocution
Missiles
 b - 96 stones
 t - 47 sling bullets (quivered)
Armour
 w - a +1 helmet (worn)
 F - a +3 leather armour (worn)
 H - a +0 pair of gloves (worn)
Jewellery
 r - an amulet of warding (around neck)
 y - a ring of positive energy (left hand)
Wands
 u - a wand of polymorph (3)
 x - a wand of enslavement (9)
 J - a wand of disintegration (14)
Scrolls
 a - a scroll of amnesia {unknown}
 e - a scroll of identify
 h - 2 scrolls of teleportation
 I - a scroll of remove curse
Potions
 i - a potion of resistance
 k - 2 potions of heal wounds {unknown}
 l - a potion of cancellation {unknown}
 m - a potion of lignification {unknown}
 p - a potion of poison {unknown}
 q - 3 potions of curing {unknown}
 z - a potion of degeneration {unknown}
 A - a potion of flight {unknown}
 C - a potion of ambrosia {unknown}
 E - a potion of brilliance {unknown}
Books
 c - a book of Geomancy

   Spells                             Type                      Level
   a - Sandblast                      Earth                        1
   b - Stoneskin                      Transmutation/Earth          2
   c - Passwall                       Transmutation/Earth          3
   d - Stone Arrow                    Conjuration/Earth            3
   e - Petrify                        Transmutation/Earth          4
   f - Lee's Rapid Deconstruction     Earth                        5
Comestibles
 d - 3 bread rations
 f - 3 royal jellies
 j - a beef jerky
 s - 2 meat rations
 v - 3 fruits


   Skills:
 - Level 3.6 Fighting
 + Level 4.4 Armour
 + Level 4.9 Dodging
 - Level 3.0 Stealth
 - Level 2.0 Spellcasting
 + Level 3.9 Transmutations
 - Level 3.0 Earth Magic


You had 8 spell levels left.
You knew the following spells:

 Your Spells              Type           Power        Failure   Level  Hunger
a - Sandblast             Erth           ##....       10%         1    #......
b - Stoneskin             Trmt/Erth      ##......     14%         2    ###....


Dungeon Overview and Level Annotations

Branches:
Dungeon (6/15)
 Temple: D:4-7

Altars:
Kikubaaqudgha
Qazlal
Ru
Yredelemnul
Zin


Innate Abilities, Weirdness & Mutations

You cannot wear boots.
Your serpentine skin is tough (AC +2).
You have supernaturally acute eyesight.
Armour fits poorly on your strangely shaped body.
Your system is resistant to poisons.
You cover ground very slowly.
You have a slow metabolism.
You can spit poison.


Message History

Aim: an orc, wielding a dagger and wearing a ring mail (almost dead)
You shoot a sling bullet. The sling bullet hits the orc.
You kill the orc!
The orc warrior hits you from afar with a halberd!
* * * LOW HITPOINT WARNING * * *
Firing (i - inventory. (,) - cycle):
t - 49 sling bullets (quivered)
Press: ? - help, Shift-Dir - straight line, f - orc warrior
Aim: an orc warrior, wielding a halberd and wearing a plate armour (moderately wounded)
You shoot a sling bullet.
The sling bullet hits the orc warrior but does no damage.
The orc warrior is moderately wounded.
The orc warrior hits you but does no damage.
Firing (i - inventory. (,) - cycle):
t - 48 sling bullets (quivered)
Press: ? - help, Shift-Dir - straight line, f/p - orc warrior
Aim: an orc warrior, wielding a halberd and wearing a plate armour (moderately wounded)
You shoot a sling bullet.
The sling bullet barely misses the orc warrior.
The sling bullet closely misses the orc.
The orc warrior hits you from afar with a halberd!!
You die...

.#.#................
.#.#####...........#
...# ####.....####.
...# #..........
##.# #.....#### #.
#.....# #.....#
#######.####
.......oo.@#
.####.#o##)#
#.#(##.# . ..(#.#
.#o#..#.# ...o..(...
#?.. #..#<# .#.
#.(#(# #.# #..# #


You could see an orc warrior and 2 orcs.

Vanquished Creatures
  Sigmund (D:2)
  Menkaure (D:6)
  A water moccasin (D:5)
  An ice beast (D:6)
  A necrophage (D:5)
  A scorpion (D:5)
  A hound (D:5)
  A crimson imp (D:6)
  A centaur zombie (D:5)
  A giant frog skeleton (D:5)
  An orc priest (D:4)
  An orc wizard (D:4)
  Jessica (D:3)
  3 worker ants
  4 gnolls
  Robin (D:2)
  10 adders
  3 shadow imps (D:5)
  2 oozes
  4 worms
  6 giant geckos
  17 orcs
  3 giant cockroaches
  14 hobgoblins
  4 jackals
  3 quokkas
  A ball python (D:5)
  9 bats
  A giant gecko zombie (D:6)
  4 giant newts
  19 goblins
  12 kobolds
  A quokka skeleton (D:6)
  12 rats
146 creatures vanquished.

Notes
Turn   | Place    | Note
--------------------------------------------------------------
     0 | D:1      | Jerry the Naga Earth Elementalist began the quest for the Orb.
     0 | D:1      | Reached XP level 1. HP: 15/15 MP: 3/3
   422 | D:1      | Reached XP level 2. HP: 24/24 MP: 5/5
   432 | D:1      | Reached skill level 1 in Fighting
   661 | D:1      | Reached XP level 3. HP: 31/31 MP: 6/6
   938 | D:2      | Reached skill level 1 in Armour
   950 | D:2      | Reached XP level 4. HP: 8/39 MP: 2/7
  1652 | D:2      | Noticed Sigmund
  1675 | D:2      | Killed Sigmund
  1675 | D:2      | Reached XP level 5. HP: 23/49 MP: 8/8
  1675 | D:2      | Reached XP level 6. HP: 26/56 MP: 9/9
  2087 | D:2      | Noticed Robin
  2111 | D:2      | Killed Robin
  2371 | D:2      | Found a stormy altar of Qazlal.
  3356 | D:3      | Noticed Jessica
  3365 | D:3      | Killed Jessica
  4352 | D:4      | Learned a level 2 spell: Stoneskin
  4532 | D:3      | HP: 2/56 [orc/mace (2)]
  4903 | D:3      | Reached XP level 7. HP: 62/62 MP: 10/10
  5253 | D:5      | Entered Level 5 of the Dungeon
  5356 | D:5      | Reached skill level 4 in Dodging
  5837 | D:5      | Found a sacrificial altar of Ru.
  5837 | D:5      | Found an ancient bone altar of Kikubaaqudgha.
  5992 | D:5      | Found a basalt altar of Yredelemnul.
  6098 | D:5      | Found a glowing silver altar of Zin.
  6242 | D:5      | Reached XP level 8. HP: 65/70 MP: 11/11
  6612 | D:6      | Noticed Menkaure
  6624 | D:6      | Killed Menkaure
  7043 | D:6      | Mangled by an orc warrior

Action                   |  1- 3 |  4- 6 |  7- 9 || total
-------------------------+-------+-------+-------++-------
Melee: Unarmed           |       |     6 |       ||     6
 Fire: Hunting sling     |    66 |   290 |   206 ||   562
 Cast: Sandblast         |    18 |    91 |    45 ||   154
       Stoneskin         |       |       |     2 ||     2
 Abil: Spit Poison       |       |     2 |       ||     2
  Use: Scroll            |       |     7 |     2 ||     9
  Eat: Chunk             |       |    11 |     4 ||    15
       Pizza             |       |       |     1 ||     1
